 Dungeon Crawl Stone Soup version 0.29-a0-275-g389c0b56f3 (webtiles) character file.

Game seed: 4571902997158093212

9989 spaghetti the Nimble (level 11, -2/86 HPs)
             Began as a Demonspawn Chaos Knight on Mar 9, 2022.
             Was a Plaything of Xom.
             Slain by a satyr (35 damage)
             ... on level 11 of the Dungeon.
             The game lasted 00:28:46 (10485 turns).

spaghetti the Nimble (Demonspawn Chaos Knight)     Turns: 10485, Time: 00:28:46

Health: -2/86      AC: 17    Str: 15 (17) XL:     11   Next: 30%
Magic:  4/22       EV:  2    Int: 28      God:    Xom [...*..]
Gold:   2024       SH:  0    Dex: 14      Spells: 14/25 levels left

rFire   + . .      SeeInvis .   a - +5 flail "Spiderbane" {flame, +Blink, mace}
rCold   . . .      Faith    .   (no shield)
rNeg    . . .      Spirit   .   L - +2 plate armour "Seipaxy" {rF+ Str+2 Int+4}
rPois   .          Reflect  .   (helmet restricted)
rElec   .          Harm     .   (no cloak)
rCorr   .          Rampage  .   i - +2 pair of gloves
Will    .....                   (no boots)
Stlth   ..........              (no amulet)
HPRegen 0.24/turn               l - +6 ring of intelligence
MPRegen 0.18/turn               q - +4 ring of slaying

@: mighty, sleeping, afraid, very slightly contaminated, studying Axes, unable
to read
A: horns 2, spiny 2, sharp scales 2, talons 1, agile 1, clever 1, deterioration
1, robust 1, inability to read while threatened
a: Renounce Religion, Evoke Blink


You were on level 11 of the Dungeon.
You worshipped Xom.
You were a favourite toy of Xom.
You visited 1 branch of the dungeon, and saw 11 of its levels.

You collected 2920 gold pieces.
You spent 896 gold pieces at shops.


Innate Abilities, Weirdness & Mutations

You have a pair of horns on your head.
You are mostly covered in sharp spines.
You are mostly covered in razor-sharp scales. (AC +2, Slay +2)
You have sharp toenails.
You are agile. (Dex +2)
Your mind is acute. (Int +2)
Your body sometimes deteriorates upon taking damage.
You are robust. (+10% HP)
You sometimes lose the ability to read scrolls when taking damage.


   Skills:
 - Level 5.0 Fighting
 - Level 2.6 Long Blades
 - Level 1.7 Armour
 + Level 10.1 Dodging
 + Level 7.9 Spellcasting
 - Level 8.0 Conjurations
 - Level 6.0 Transmutations


You had 14 spell levels left.
You knew the following spells:

 Your Spells              Type           Power      Damage    Failure   Level
a - Searing Ray           Conj           100%       2d8       26%         2
b - Petrify               Tmut/Erth      27%        N/A       100%        4
c - Irradiate             Conj/Tmut      25%        3d22      100%        5

Your spell library contained the following spells:

 Spells                   Type           Power      Damage    Failure   Level
 Magic Dart               Conj           100%       1d8       17%         1
 Passwall                 Tmut/Erth      22%        N/A       89%         2
 Stone Arrow              Conj/Erth      66%        3d11      95%         3
 Sandblast                Erth           22%        2d7       99%         1
 Slow                     Hex            44%        N/A       99%         1
 Sublimation of Blood     Necr           11%        N/A       100%        2
 Confusing Touch          Hex            11%        N/A       100%        3
 Gell's Gravitas          Tloc           11%        N/A       100%        3
 Teleport Other           Tloc           11%        N/A       100%        3
 Tukima's Dance           Hex            11%        N/A       100%        3
 Vampiric Draining        Necr           11%        2d6       100%        3
 Fulminant Prism          Conj/Hex       16%        3d11      100%        4
 Passage of Golubria      Tloc           11%        N/A       100%        4
 Yara's Violent Unravell  Hex/Tmut       13%        3d7       100%        5
 Dispersal                Tloc           5%         N/A       100%        6

Inventory:

Hand Weapons
 a - the +5 flail "Spiderbane" (weapon) {flame, +Blink, mace}
   (You found it on level 6 of the Dungeon)

   It burns those it strikes, dealing additional fire damage.
   +Blink:    It lets you blink.
 b - a +4 shortbow {bow}
   (Xom gifted it to you on level 6 of the Dungeon)
 j - a +2 flail of protection {mace}
   (You took it off a gnoll on level 10 of the Dungeon)
 W - a +4 hand axe of freezing {axe}
   (You took it off a wight on level 9 of the Dungeon)
 X - a +0 trident of protection {polearm}
   (You took it off a gnoll sergeant on level 10 of the Dungeon)
Missiles
 d - 270 stones {throwing}
 g - 3 javelins {throwing}
 p - 62 poisoned darts {throwing}
 D - 7 boomerangs {throwing}
 R - 4 atropa-tipped darts {throwing}
 Y - 3 curare-tipped darts {=fthrowing}
Armour
 i - a +2 pair of gloves (worn)
   (You found it on level 4 of the Dungeon)
 o - the +2 robe of Hedging {rF+ Regen+ rCorr}
   (You found it on level 3 of the Dungeon)

   rF:        It protects you from fire.
   Regen:     It increases your rate of health regeneration.
   rCorr:     It protects you from acid and corrosion.
 y - the +0 leather armour of Cyz Jill {*Slow Int+9 Dex+8 Stlth-}
   (You found it on level 7 of the Dungeon)

   Int:       It affects your intelligence (+9).
   Dex:       It affects your dexterity (+8).
   *Slow:     It may slow you when you take damage.
   Stlth:     It makes you less stealthy.
 L - the +2 plate armour "Seipaxy" (worn) {rF+ Str+2 Int+4}
   (You acquired it on level 9 of the Dungeon)

   Str:       It affects your strength (+2).
   Int:       It affects your intelligence (+4).
   rF:        It protects you from fire.
 V - the +0 plate armour of the Lion {Fly}
   (You bought it in a shop on level 7 of the Dungeon)

   Fly:       It grants you flight.
Magical Staves
 P - a staff of earth {!astaff}
   (You found it on level 9 of the Dungeon)
Jewellery
 h - a ring of see invisible
   (You found it on level 4 of the Dungeon)
 l - a +6 ring of intelligence (left hand)
   (You found it on level 2 of the Dungeon)
 n - a ring of ice
   (You found it on level 2 of the Dungeon)
 q - a +4 ring of slaying (right hand)
   (You found it on level 5 of the Dungeon)
 s - the ring "Oskaim" {Fly rN+ Will+ Str-3 Int+6}
   (Xom gifted it to you on level 4 of the Dungeon)

   [ring of flight]

   Str:       It affects your strength (-3).
   Int:       It affects your intelligence (+6).
   rN:        It protects you from negative energy.
   Fly:       It grants you flight.
   Will:      It increases your willpower.
 w - a +6 ring of strength
   (You found it on level 6 of the Dungeon)
 E - a ring of poison resistance
   (You found it on level 7 of the Dungeon)
 F - an amulet of reflection
   (You found it on level 7 of the Dungeon)
 G - a ring of protection from fire
   (You found it on level 7 of the Dungeon)
 N - a ring of ice
   (You took it off a kobold on level 9 of the Dungeon)
Wands
 z - a wand of paralysis (7)
   (You found it on level 8 of the Dungeon)
 H - a wand of digging (1)
   (You found it on level 10 of the Dungeon)
 J - a wand of iceblast (4)
   (Xom gifted it to you on level 8 of the Dungeon)
 K - a wand of charming (8)
   (You found it on level 8 of the Dungeon)
 M - a wand of mindburst (9)
   (You took it off a kobold on level 9 of the Dungeon)
 T - a wand of acid (2)
   (You found it on level 10 of the Dungeon)
 U - a wand of flame (14)
   (You found it on level 10 of the Dungeon)
Scrolls
 e - 3 scrolls of teleportation {@r4}
 f - 2 scrolls of blinking {!r}
 k - 2 scrolls of enchant weapon
 m - a scroll of enchant armour
 r - 4 scrolls of vulnerability {!r!r}
 C - a scroll of immolation {!r!r}
 I - 3 scrolls of fear
 O - 3 scrolls of identify {@r1}
Potions
 t - 4 potions of curing {@q1}
 u - 2 potions of lignification {!q}
 v - 2 potions of brilliance
 x - a potion of might
 A - a potion of attraction {!q}
 B - 4 potions of heal wounds {unknown}
 Q - 2 potions of resistance {unknown}
 S - 2 potions of haste {@q3}
Miscellaneous
 c - a piece from Xom's chessboard (15/15)

Dungeon Overview and Level Annotations

Branches:
Dungeon (11/15)            Temple (0/1) D:7            Lair (0/6) D:11
    Orc: D:9-12

Altars:
Elyvilon
Fedhas
Gozag
Hepliaklqana
Makhleb
Qazlal
Ru
Sif Muna
Trog
Uskayaw
Yredelemnul
Zin
The Shining One
Beogh

Shops:
D:7 *

Annotations:
D:8 2 transporters

........#####
........'...#
###
#.......###.#
#.. #.....###
#.# #.#
......# #.#
#.# #######
#.# #.# #.#
#.# #.# #c#
#.# #@#
#.####.#
#..)...#
########


You could see a satyr (scary).


Message History

😨 HP[-9] MP[-1]
You take 9 damage, and now have 41/86 hp.
You lost 1 mp, and now have 19/22 mp.
The searing ray hits the boulder beetle.
The boulder beetle bites you but does no damage. 😨 HP[+1] MP[-1]
You lost 1 mp, and now have 18/22 mp.
The searing ray hits the boulder beetle but does no damage.
You finish channelling your searing ray.
The boulder beetle bites you but does no damage. 😨 MP[-1]
You lost 1 mp, and now have 17/22 mp.
Casting: Searing Ray (safe; 21% risk of failure)
Confirm with . or Enter, or press ? or * to list all spells.
Aiming: Searing Ray (safe; 21% risk of failure)
Press: ? - help, Shift-Dir - straight line, f/p - boulder beetle
Aim: a boulder beetle (moderately wounded, 100% to hit)
The searing ray hits the boulder beetle! (Press . to maintain the ray.)
The boulder beetle leaps! 😨 MP[-1]
You lost 1 mp, and now have 16/22 mp.
The searing ray hits the boulder beetle but does no damage. 😨 MP[-1]
You lost 1 mp, and now have 15/22 mp.
The searing ray hits the boulder beetle but does no damage.
You can read scrolls again. 😨 MP[-1]
You lost 1 mp, and now have 14/22 mp.
The searing ray hits the boulder beetle.
You finish channelling your searing ray. 😨 HP[+1] MP[-1]
You lost 1 mp, and now have 13/22 mp.
Casting: Searing Ray (safe; 21% risk of failure)
Confirm with . or Enter, or press ? or * to list all spells.
Aiming: Searing Ray (safe; 21% risk of failure)
Press: ? - help, Shift-Dir - straight line, f/p - boulder beetle
Aim: a boulder beetle (heavily wounded, 100% to hit)
The searing ray hits the boulder beetle! (Press . to maintain the ray.)
The boulder beetle is struck by your spines.
The boulder beetle barely misses you. 😨 MP[-2]
You lost 2 mp, and now have 11/22 mp.
The searing ray hits the boulder beetle but does no damage.
The boulder beetle bites you!
You feel threatened and lose the ability to read scrolls!
* * * LOW HITPOINT WARNING * * *
Your body deteriorates!
You feel weakened. 😨 HP[-12] MP[-1]
You take 12 damage, and now have 31/86 hp.
You lost 1 mp, and now have 10/22 mp.
The searing ray hits the boulder beetle but does no damage.
The boulder beetle barely misses you.
The searing ray hits the boulder beetle.
You finish channelling your searing ray. "Hum-dee-hum-dee-hum..."
The boulder beetle evaporates and reforms as a satyr!
You are now a favourite toy of Xom. 😨 HP[+1] MP[-1]
You lost 1 mp, and now have 9/22 mp.
Casting: Searing Ray (dangerous; 26% risk of failure)
Confirm with . or Enter, or press ? or * to list all spells.
Aiming: Searing Ray (dangerous; 26% risk of failure)
Press: ? - help, Shift-Dir - straight line, f/p - satyr
Aim: a satyr (lightly wounded, 79% to hit)
You miscast Searing Ray.
You are very lightly contaminated with residual magic.
Nothing appears to happen.
The satyr is struck by your spines.
The satyr hits you but does no damage. 😨 MP[-2]
You lost 2 mp, and now have 7/22 mp.
Casting: Searing Ray (dangerous; 26% risk of failure)
Confirm with . or Enter, or press ? or * to list all spells.
Aiming: Searing Ray (dangerous; 26% risk of failure)
Press: ? - help, Shift-Dir - straight line, f/p - satyr
Aim: a satyr (lightly wounded, 79% to hit)
You miscast Searing Ray.
Nothing appears to happen.
The satyr hits you but does no damage. 😨 MP[-2]
You lost 2 mp, and now have 5/22 mp.
Casting: Searing Ray (dangerous; 26% risk of failure)
Confirm with . or Enter, or press ? or * to list all spells.
Aiming: Searing Ray (dangerous; 26% risk of failure)
Press: ? - help, Shift-Dir - straight line, f/p - satyr
Aim: a satyr (lightly wounded, 79% to hit)
You miscast Searing Ray.
Nothing appears to happen.
The satyr plays a frightful melody on his pipes!
The satyr radiates an aura of fear!
You are terrified of the satyr! 😨 MP[-2]
You lost 2 mp, and now have 3/22 mp.
Unknown command.
You feel very mighty all of a sudden.
The satyr plays a lulling melody on his pipes!
You fall asleep.
The satyr hits you!!
You die...
Xom chuckles heartily!

Skill      XL: |  1  2  3  4  5  6  7  8  9 10 11 |
---------------+----------------------------------+-----
Fighting       | 4 5 |  5.0
Spellcasting   | 1 2 3 5 6 7 |  7.9
Conjurations   | 1 2 4 6 7 8 |  8.0
Dodging        | 3 6 9 10 | 10.1
Transmutations | 3 5 6 |  6.0
Long Blades    | |  2.6
Armour         | |  1.7

Action                   |  1- 3 |  4- 6 |  7- 9 | 10-12 || total
-------------------------+-------+-------+-------+-------++-------
Melee: Falchion          |    83 |    50 |    66 |       ||   199
       Headbutt          |       |    10 |    10 |     9 ||    29
       Kick              |       |     5 |    25 |    14 ||    44
       Punch             |       |       |     2 |     2 ||     4
       Flail             |       |       |    11 |    41 ||    52
 Fire: Shortbow          |       |       |    39 |    14 ||    53
 Cast: Searing Ray       |       |    11 |    40 |    51 ||   102
  Use: Scroll            |     7 |     3 |     5 |     2 ||    17
       Potion            |       |     8 |     1 |     2 ||    11
 Stab: Invisible         |       |     1 |       |       ||     1
       Paralysed         |       |       |       |     1 ||     1
Armor: Leather armour    |    28 |       |       |     1 ||    29
       Robe              |     1 |    18 |    54 |    13 ||    86
       Skin              |       |     9 |       |       ||     9
       Plate armour      |       |       |       |    54 ||    54
Dodge: Dodged            |    39 |    43 |    92 |    74 ||   248

Levels and vault maps discovered:
D:1:      dreamdust_arrival_beginning_and_end, layout_basic, serial_shops, shop,
          hellmonk_ecumenical_altar_arch_garden, lemuel_flame_loot_1
D:2:      layout_basic, basic_altar
D:3:      layout_rooms, minmay_misc_feat_ornament
D:4:      layout_rooms, mainiacjoe_overflow_24_doors, minmay_misc_feat_enclosed
D:5:      layout_loops_ring, lemuel_doored_altar, lightli_sewer_entry_pipes,
          serial_rivers, chequers_serial_rivers_small_b,
          chequers_serial_rivers_small_a, chequers_serial_rivers_micro_c,
          chequers_serial_rivers_small_3, chequers_serial_rivers_marsh,
          uniq_edmund, uniq_eustachio
D:6:      layout_rooms, nicolae_uskayaw_en_pointe, fedhas_altar_fruit_tree
D:7:      layout_loops_ring, minmay_temple_entry_crystal_x, serial_shops, shop
D:8:      gammafunk_beogh_shrine, layout_layer_cave,
          nicolae_qazlal_scattered_showers, trog_ov_bears_minmay,
          minmay_manual_mullet
D:9:      layout_rooms, demons_altar, nicolae_ru_great_annihilating_truth
D:10:     layout_roguey, pdpol_temple_overflow_zin_treasury_gozag_greed,
          nzn_hepliaklqana_mist_gate, elyvilon_altar_3
D:11:     layout_basic, minmay_lair_entry_grove, serial_shops, shop,
          xom_confusion_cloud, uniq_sonja

Notes
Turn   | Place    | Note
-------+----------+-------------------------------------------
     0 | D:1      | spaghetti the Demonspawn Chaos Knight began the quest for
                  | the Orb.
     0 | D:1      | Reached XP level 1. HP: 18/18 MP: 1/1
     0 | D:1      | magus.rc [v1.9.6]
    20 | D:1      | XOM: silly message
   118 | D:1      | You pick up a book of Debilitation and begin reading...
   118 | D:1      | You add the spells Slow, Vampiric Draining and Confusing
                  | Touch to your library.
   249 | D:1      | Found a faded altar of an unknown god.
   338 | D:1      | Gained mutation: You are partially covered in sharp spines.
                  | [demonic ancestry]
   338 | D:1      | Reached XP level 2. HP: 24/24 MP: 2/2
   580 | D:1      | XOM: silly message
   617 | D:1      | Reached skill level 4 in Fighting
   726 | D:2      | Reached XP level 3. HP: 30/30 MP: 3/3
   738 | D:2      | You pick up a book of Conjurations {@e2} and begin
                  | reading...
   738 | D:2      | You add the spells Magic Dart, Searing Ray and Fulminant
                  | Prism to your library.
   885 | D:2      | XOM: noise
   900 | D:2      | Learned a level 2 spell: Searing Ray
   925 | D:2      | Found a basalt altar of Yredelemnul.
  1113 | D:1      | XOM: silly message
  1199 | D:2      | XOM: summons 2 hostile demons
  1200 | D:2      | Noticed a soul eater
  1438 | D:3      | Identified the +2 robe of Hedging {rF+ Regen+ rCorr}
  1525 | D:3      | XOM: 2-stop teleportation journey
  1548 | D:3      | Gained mutation: You have a pair of small horns on your
                  | head. [demonic ancestry]
  1548 | D:3      | Reached XP level 4. HP: 34/38 MP: 4/4
  1773 | D:3      | XOM: cloud trail
  1958 | D:4      | Noticed a necrophage
  1966 | D:4      | Noticed a scorpion
  1982 | D:4      | Killed a scorpion
  1983 | D:4      | Reached skill level 5 in Fighting
  1983 | D:4      | Reached skill level 1 in Spellcasting
  1983 | D:4      | Reached skill level 1 in Conjurations
  2048 | D:4      | Reached XP level 5. HP: 38/44 MP: 7/7
  2249 | D:4      | Reached skill level 2 in Spellcasting
  2249 | D:4      | Reached skill level 2 in Conjurations
  2328 | D:4      | You pick up a book of Alchemy and begin reading...
  2328 | D:4      | You add the spells Sublimation of Blood, Petrify and
                  | Irradiate to your library.
  2354 | D:4      | Gained mutation: You sometimes lose the ability to read
                  | scrolls when taking damage. [potion of mutation]
  2354 | D:4      | Gained mutation: Your mind is acute. (Int +2) [potion of
                  | mutation]
  2354 | D:4      | Gained mutation: You have sharp toenails. [potion of
                  | mutation]
  2364 | D:4      | XOM: silly message
  2366 | D:4      | XOM: summons 2 friendly demons
  2386 | D:4      | Gained mutation: You have a pair of horns on your head.
                  | [demonic ancestry]
  2386 | D:4      | Reached XP level 6. HP: 51/51 MP: 8/10
  2435 | D:4      | Reached skill level 3 in Spellcasting
  2435 | D:4      | Reached skill level 3 in Conjurations
  2615 | D:4      | XOM: cloud trail
  2652 | D:4      | You fall into a shaft and drop 1 floor!
  2652 | D:5      | Entered Level 5 of the Dungeon
  2695 | D:5      | XOM: divination: detect items
  2787 | D:5      | Noticed Edmund
  2797 | D:5      | Killed Edmund
  2798 | D:5      | Reached skill level 4 in Conjurations
  2798 | D:5      | Gained mutation: You are partially covered in razor-sharp
                  | scales. (AC +1, Slay +1) [demonic ancestry]
  2798 | D:5      | Reached XP level 7. HP: 30/55 MP: 7/12
  2850 | D:5      | Reached skill level 4 in Spellcasting
  2947 | D:5      | Reached skill level 5 in Conjurations
  2999 | D:5      | XOM: silly message
  3002 | D:5      | Reached skill level 5 in Spellcasting
  3068 | D:5      | XOM: divination: detect creatures
  3104 | D:5      | Found a shimmering blue altar of Sif Muna.
  3130 | D:5      | Noticed Eustachio
  3140 | D:5      | XOM: potion effect (might)
  3143 | D:5      | Killed Eustachio
  3144 | D:5      | Reached skill level 6 in Conjurations
  3144 | D:5      | Gained mutation: You are mostly covered in sharp spines.
                  | [demonic ancestry]
  3144 | D:5      | Reached XP level 8. HP: 55/62 MP: 5/15
  3680 | D:5      | Reached skill level 6 in Spellcasting
  3712 | D:5      | Learned a level 4 spell: Petrify
  3718 | D:5      | Learned a level 5 spell: Irradiate
  4055 | D:4      | XOM: god gift: shimmering copper ring {god gift}
  4055 | D:4      | Identified the ring "Oskaim" {Fly rN+ Will+ Str-3 Int+6}
                  | (Xom gifted it to you on level 4 of the Dungeon)
  4108 | D:5      | XOM: cast spell 'Dispersal'
  4115 | D:5      | XOM: cast spell 'Summon Small Mammal'
  4117 | D:5      | Reached skill level 1 in Dodging
  4117 | D:5      | Reached skill level 1 in Transmutations
  4118 | D:5      | Reached skill level 2 in Dodging
  4171 | D:5      | Reached skill level 2 in Transmutations
  4174 | D:5      | Reached skill level 3 in Dodging
  4223 | D:5      | Reached skill level 7 in Conjurations
  4223 | D:5      | Reached skill level 3 in Transmutations
  4223 | D:5      | Reached XP level 9. HP: 63/68 MP: 13/18
  4243 | D:6      | XOM: god gift: glowing shortbow {god gift}
  4370 | D:6      | Noticed a +0 short sword
  4370 | D:6      | Noticed a +0 dagger
  4371 | D:6      | Noticed a +0 dagger
  4372 | D:6      | Identified the +5 flail "Spiderbane" {flame, +Blink}
  4372 | D:6      | Noticed a +0 short sword
  4372 | D:6      | Noticed a +0 falchion
  4372 | D:6      | Noticed a +0 spear
  4374 | D:6      | Noticed a +0 falchion
  4377 | D:6      | Noticed a +0 spear
  4555 | D:6      | Found a hide-covered altar of Uskayaw.
  4685 | D:6      | XOM: divination: magic mapping
  4898 | D:6      | Found a blossoming altar of Fedhas.
  4933 | D:7      | Identified the +0 leather armour of Cyz Jill {*Slow Int+9
                  | Dex+8 Stlth-}
  4988 | D:7      | Reached skill level 4 in Dodging
  4988 | D:7      | Reached skill level 4 in Transmutations
  5091 | D:7      | You add the spells Tukima's Dance, Passage of Golubria and
                  | Yara's Violent Unravelling to your library.
  5218 | D:7      | Found Fouroh's Assorted Antiques.
  5303 | D:7      | Found a staircase to the Ecumenical Temple.
  5319 | D:7      | You add the spells Gell's Gravitas, Teleport Other and
                  | Dispersal to your library.
  5646 | D:8      | Found a transporter.
  5690 | D:8      | XOM: noise
  5907 | D:8      | Reached skill level 8 in Conjurations
  5916 | D:8      | Reached skill level 5 in Dodging
  5929 | D:8      | XOM: 1-stop teleportation journey
  5932 | D:8      | XOM: noise
  6051 | D:7      | >>Play slowly. You've got this!
  6051 | D:7      | magus.rc [v1.9.6]
  6279 | D:8      | Found a bloodstained altar of Trog.
  6303 | D:8      | Found a transporter.
  6336 | D:8      | XOM: divination: detect creatures
  6462 | D:8      | Found a stormy altar of Qazlal.
  6493 | D:8      | XOM: potion effect (berserk rage)
  6496 | D:8      | Reached skill level 5 in Transmutations
  6501 | D:8      | XOM: potion effect (might)
  6543 | D:8      | XOM: god gift: scroll of fear
  6612 | D:8      | XOM: god gift: wand of iceblast (4)
  6705 | D:8      | Found the +1 Delatra's gloves {ID++}
  6794 | D:8      | Noticed a deep elf pyromancer
  6795 | D:8      | XOM: scenery: 1 doors close
  6799 | D:8      | Killed a deep elf pyromancer
  6800 | D:8      | Reached skill level 6 in Dodging
  6800 | D:8      | Reached XP level 10. HP: 74/74 MP: 13/19
  6858 | D:8      | Reached skill level 6 in Transmutations
  6989 | D:9      | XOM: destruction
  7007 | D:9      | Reached skill level 7 in Dodging
  7443 | D:9      | Found a sacrificial altar of Ru.
  7474 | D:9      | Reached skill level 8 in Dodging
  7798 | D:9      | Found a burning altar of Makhleb.
  7969 | D:9      | XOM: god gift: 4 atropa-tipped darts
  8020 | D:9      | XOM: divination: detect creatures
  8033 | D:10     | Entered Level 10 of the Dungeon
  8120 | D:10     | Identified 2 scrolls of acquirement
  8120 | D:10     | Acquired 1265 gold pieces
  8196 | D:7      | Bought an ichor-stained plate armour for 896 gold pieces
  8196 | D:7      | Identified the +0 plate armour of the Lion {Fly} (You
                  | bought it in a shop on level 7 of the Dungeon)
  8299 | D:9      | XOM: god gift: 1018 gold pieces
  8483 | D:10     | XOM: give mutation
  8483 | D:10     | Gained mutation: You are covered in fur. (AC +1) [Xom's
                  | grace]
  8510 | D:9      | Acquired the +2 plate armour "Seipaxy" {rF+ Str+2 Int+4}
  8598 | D:10     | Noticed a smoke demon
  8603 | D:10     | Reached skill level 9 in Dodging
  9004 | D:10     | Found an opulent altar of Gozag.
  9428 | D:10     | Found a hazy altar of Hepliaklqana.
  9479 | D:10     | XOM: 2-stop teleportation journey
  9691 | D:10     | XOM: god gift: 52 gold pieces
  9780 | D:11     | XOM: cast spell 'Summon Cactus Giant'
  9794 | D:11     | XOM is BORED!
  9794 | D:11     | XOM: give mutations
  9794 | D:11     | Gained mutation: You are robust. (+10% HP) [Xom's mischief]
  9794 | D:11     | Gained mutation: You are agile. (Dex +2) [Xom's mischief]
  9794 | D:11     | Lost mutation: You are covered in fur. (AC +1) [Xom's
                  | mischief]
  9794 | D:11     | Gained mutation: Your body sometimes deteriorates upon
                  | taking damage. [Xom's mischief]
  9914 | D:11     | Noticed a centaur warrior
  9921 | D:11     | Killed a centaur warrior
  9922 | D:11     | Reached skill level 7 in Spellcasting
  9922 | D:11     | Gained mutation: You are mostly covered in razor-sharp
                  | scales. (AC +2, Slay +2) [demonic ancestry]
  9922 | D:11     | Reached XP level 11. HP: 59/86 MP: 15/21
 10089 | D:11     | Noticed Sonja
 10092 | D:11     | XOM: cast spell 'Dispersal'
 10097 | D:11     | Killed Sonja
 10130 | D:11     | Reached skill level 10 in Dodging
 10150 | D:11     | XOM: confuse monster(s)
 10386 | D:11     | Found a staircase to the Lair.
 10388 | D:11     | XOM: divination: detect items
 10392 | D:11     | You pick up a book of Geomancy and begin reading...
 10392 | D:11     | You add the spells Sandblast, Passwall and Stone Arrow to
                  | your library.
 10464 | D:11     | Noticed a boulder beetle
 10480 | D:11     | Noticed a satyr
 10480 | D:11     | a boulder beetle changed into a satyr
 10480 | D:11     | XOM: polymorph boulder beetle -> satyr
 10485 | D:11     | Slain by a satyr

Vanquished Creatures
  A centaur warrior (D:11)
  Sonja (D:11)
  A deep elf pyromancer (D:8)
  A kobold demonologist (D:10)
  A troll (D:9)
  2 hornets
  A wraith (D:11)
  3 wyverns
  12 yaks
  Eustachio (D:5)
  2 basilisks (D:11)
  A steam dragon (D:8)
  Edmund (D:5)
  4 water moccasins
  A sky beast (D:8)
  5 black bears
  2 orc warriors
  An ice beast (D:5)
  3 ogres
  2 centaurs
  6 kobold brigands
  2 necrophages
  A gnoll sergeant (D:10)
  2 scorpions
  11 wights
  9 killer bees
  4 hounds
  A jelly (D:4)
  An orc priest (D:9)
  4 gnoll shamans
  3 iron imps (D:9)
  6 iguanas
  9 orc wizards
  11 adders
  A river rat (D:5)
  27 gnolls
  A shadow imp (D:7)
  2 ufetubi
  5 worms (D:5)
  A dart slug (D:4)
  19 orcs
  9 ball pythons
  4 bats
  7 endoplasms
  A giant cockroach (D:2)
  3 goblins
  5 hobgoblins
  8 jackals
  4 quokkas
  4 frilled lizards
  20 kobolds
  10 rats
247 creatures vanquished.

Vanquished Creatures (collateral kills)
  A centaur (D:11)
  An orc (D:4)
  A rat (D:5)
3 creatures vanquished.

Vanquished Creatures (others)
  3 killer bees (D:9)
  A fungus (D:11)
  11 plants (D:11)
15 creatures vanquished.

Grand Total: 265 creatures vanquished

Table legend:
 A = Non-vault XP
 B = Vault XP
 C = Vault XP percentage of total XP
 D = Non-vault monster count
 E = Vault monster count
 F = Vault count percentage of total count
                 A         B        C        D         E       F
            +---------+---------+-------+---------+---------+-------
      Total |    9668 |    4603 |  32.3 |     206 |      44 |  17.6
            +---------+---------+-------+---------+---------+-------
        D:1 |      36 |       0 |   0.0 |      22 |       0 |   0.0
        D:2 |      50 |       0 |   0.0 |      16 |       0 |   0.0
        D:3 |      22 |       0 |   0.0 |      12 |       0 |   0.0
        D:4 |     375 |       0 |   0.0 |      24 |       0 |   0.0
        D:5 |    1958 |     492 |  20.1 |      28 |      17 |  37.8
        D:6 |     651 |       0 |   0.0 |      13 |       0 |   0.0
        D:7 |     600 |       0 |   0.0 |      10 |       0 |   0.0
        D:8 |    1203 |    1219 |  50.3 |      23 |       8 |  25.8
        D:9 |    2204 |     159 |   6.7 |      35 |       7 |  16.7
       D:10 |    1389 |       0 |   0.0 |      20 |       0 |   0.0
       D:11 |    1180 |    2733 |  69.8 |       3 |      12 |  80.0
            +---------+---------+-------+---------+---------+-------

Illustrated notes

##.## #####.### #.# #####.# #...#
#.# #.# #.# ##...### #.# #.# #.#
.......## #.# #.# #.# ........#
#.# #.# #.# ........# #.# #.# #.#
##...##.# #.# #.# #..
.....##.#####.########.# ###
...............>@......#
..####..##.##.########## #######
..# #.∩##.##.#############......
..####..##.##................####
........##.##..############.###..
..##.#.#.#.##.......# #.# #.#
.......#.#.###.####.# #.# #..
..##.###.#.# #.# #.#######.###.#
.####...##.# #.# #.............#


Turn 6051 on D:7: Play slowly. You've got this!

Table legend:
 A = Kills in this place as a percentage of kills in entire the game.
 B = Kills by you in this place as a percentage of kills by you in the entire game.
 C = Kills by friends in this place as a percentage of kills by friends in the entire game.
 D = Other kills in this place as a percentage of other kills in the entire game.
 E = Experience gained in this place as a percentage of experience gained in the entire game.
 F = Experience gained in this place divided by the number of levels of this place that you have seen.
                   A       B       C       D       E      F
               +-------+-------+-------+-------+-------+----------------------
         Total | 100.0 | 100.0 | 100.0 |   N/A | 100.0 | 1297.4
       Dungeon | 100.0 | 100.0 | 100.0 |   N/A | 100.0 | 1297.4
               +-------+-------+-------+-------+-------+----------------------

Table legend: (Time is in decaauts)
 A = Elapsed time spent in this place.
 B = Non-inter-level travel time spent in this place.
 C = Inter-level travel time spent in this place.
 D = Time resting spent in this place.
 E = Time spent auto-exploring this place.
 F = Levels seen in this place.
 G = Mean time per level.
                   A        B        C        D        E       F      G
               +--------+--------+--------+--------+--------+-----+--------+
         Total |  10658 |  10132 |    526 |    771 |   7693 |  11 |  968.9 |
       Dungeon |  10658 |  10132 |    526 |    771 |   7693 |  11 |  968.9 |
               +--------+--------+--------+--------+--------+-----+--------+

Top non-repeatable levels by time:
     D:5: 1496 daAuts
    D:10: 1455 daAuts
     D:8: 1282 daAuts
     D:9: 1213 daAuts
     D:7: 934 daAuts
     D:4: 816 daAuts
     D:1: 774 daAuts
    D:11: 761 daAuts
     D:6: 724 daAuts
     D:2: 606 daAuts
     D:3: 593 daAuts
